 Dungeon Crawl Stone Soup version 0.30-a0-1008-g30c9307041 (webtiles) character file.

Game seed: 6488307331676524182

6612 GigaChad the Cleaver (level 11, -3/89 HPs)
             Began as a Formicid Fighter on Apr 5, 2023.
             Was an Initiate of Gozag.
             Killed from afar by an acid dragon (16 damage)
             ... with a splash of acid
             ... on level 10 of the Dungeon.
             The game lasted 00:12:50 (7454 turns).

GigaChad the Cleaver (Formicid Fighter)             Turns: 7454, Time: 00:12:50

Health: -3/89      AC: 17    Str: 25    XL:     11   Next: 21%
Magic:  11/11      EV: 13    Int:  8    God:    Gozag
Gold:   905        SH:  6    Dex: 18    Spells: 10/10 levels left

rFire   . . .      SeeInvis +    N - +1 battleaxe
rCold   + . .      Faith    .    c - +0 buckler
rNeg    + + .      Spirit   .    M - +0 plate armour
rPois   +          Reflect  .    (helmet unavailable)
rElec   .          Rampage  .    v - +2 cloak of the Thinker {rC+ rN+ Dex+3}
rCorr   .                        (no gloves)
Will    +....                    (no boots) Stlth
                                 (no amulet)
HPRegen 0.34/turn                l - +5 ring of evasion
MPRegen 0.12/turn                w - ring of the Endless Expanse {rPois rN+ Dex+2 Slay+4}

@: gold aura
A: permanent stasis, dig shafts and tunnels, antennae 3, four strong arms
a: Dig, Shaft Self, Renounce Religion, Potion Petition, Call Merchant, Bribe
Branch


You were on level 10 of the Dungeon.
You worshipped Gozag.
Gozag was pleased with you.
You visited 2 branches of the dungeon, and saw 12 of its levels.

You collected 969 gold pieces.
You paid 64 gold pieces to Gozag.

Inventory:

Hand Weapons
 a - a +0 war axe
 t - a +6 mace of draining
 A - a +2 war axe of freezing
 C - a +2 hammer of venom
 D - a +0 hammer
 E - a +3 quarterstaff of chaos
 N - a +1 battleaxe (weapon)
Missiles
 L - 2 throwing nets
Armour
 b - a +0 scale mail
 c - a +0 buckler (worn)
 s - a +3 chain mail
 v - the +2 cloak of the Thinker (worn) {rC+ rN+ Dex+3}
   (You acquired it on level 7 of the Dungeon)

   Dex:       It affects your dexterity (+3).
   rC:        It protects you from cold.
   rN:        It protects you from negative energy.
 B - a +0 cloak
 G - +0 acid dragon scales
 M - a +0 plate armour (worn)
Jewellery
 h - a ring of ice
 k - a ring of willpower
 l - a +5 ring of evasion (left hand)
 w - the ring of the Endless Expanse (right hand) {rPois rN+ Dex+2 Slay+4}
   (You found it on level 3 of the Dungeon)

   [ring of poison resistance]

   Dex:       It affects your dexterity (+2).
   Slay:      It affects your accuracy & damage with ranged weapons and melee
   (+4).
   rPois:     It protects you from poison.
   rN:        It protects you from negative energy.
Wands
 y - a wand of flame (8)
 F - a wand of paralysis (8)
 H - a wand of mindburst (19)
Scrolls
 f - a scroll of identify
 g - 3 scrolls of fear
 i - a scroll of noise
 n - a scroll of silence
 o - 2 scrolls of immolation
 p - 2 scrolls of teleportation
 u - 2 scrolls of butterflies
 I - a scroll of magic mapping
Potions
 d - a potion of might
 e - 4 potions of brilliance
 j - 5 potions of curing
 m - 2 potions of degeneration {unknown}
 q - a potion of attraction {unknown}
 r - 2 potions of lignification {unknown}
 x - 2 potions of magic {unknown}
 z - a potion of haste {unknown}
 J - 2 potions of berserk rage {unknown}
 K - 3 potions of heal wounds {unknown}


   Skills:
 * Level 9.1 Fighting
 + Level 11.2 Axes
 * Level 8.2 Armour
 - Level 3.0 Dodging
 - Level 0.9 Stealth
 + Level 8.1 Shields


You had 10 spell levels left.
You didn't know any spells.
Your spell library contained the following spells:

 Spells                   Type           Power      Damage    Failure   Level
 Magic Dart               Conj           0%         1d3       99%         1
 Cigotuvi's Dreadful Rot  Necr/Pois/Air  0%         N/A       100%        2
 Wereblood                Tmut           0%         N/A       100%        2
 Ignite Poison            Fire/Tmut/Pois 0%         N/A       100%        3
 Ozocubu's Armour         Ice            0%         N/A       100%        3
 Flame Wave               Conj/Fire      0%         2d4       100%        4
 Freezing Cloud           Conj/Ice/Air   0%         6-21      100%        5
 Ozocubu's Refrigeration  Ice            0%         4d7       100%        7


Dungeon Overview and Level Annotations

Branches:
Dungeon (11/15)            Temple (1/1) D:5            Lair (0/5) D:9
    Orc: D:9-12

Altars:
Ashenzari
Fedhas
Gozag
Kikubaaqudgha
Makhleb
Nemelex Xobeh
Qazlal
Uskayaw
Vehumet
Wu Jian
Xom
Yredelemnul

Shops:
D:2 ?*


Innate Abilities, Weirdness & Mutations

You cannot be hasted, slowed, berserked, paralysed or teleported.
You can dig through walls and to a lower floor.
You have a pair of large antennae on your head. (SInv)
Your four strong arms can wield two-handed weapons with a shield.


Message History

You slash the two-headed ogre!
You kill the two-headed ogre!
You slash the cyclops! You hit the cyclops but do no damage.
The cyclops hits you!!
* * * LOW HITPOINT WARNING * * *
Your Fighting skill increases to level 9!
Your Axes skill increases to level 11!
Your Armour skill increases to level 8!
Are you sure you want to shaft yourself?
The cyclops is distracted by your dazzling golden aura.
The kobold hits you but does no damage.
The cyclops shouts!
You begin to dig a shaft.
You continue digging a shaft.
The cyclops barely misses you. You block the kobold's attack.
A shaft appears beneath you!
You fall into a shaft and drop 3 floors!
The shaft crumbles and collapses.
Found a stone staircase leading up.
There is a stone staircase leading up here.
You climb upwards.
Found a falchion.
Found two stone staircases leading down and a stone staircase leading up.
There is a stone staircase leading down here.
The shadow hits you!
* * * LOW HITPOINT WARNING * * *
You slice the shadow!!
The shadow is severely damaged.
The shadow barely misses you.
You hit the shadow but do no damage.
The shadow is severely damaged.
You block the shadow's attack.
You barely miss the shadow.
The shadow is severely damaged.
The shadow hits you.
* * * LOW HITPOINT WARNING * * *
You slash the shadow!
You destroy the shadow!
The acid dragon spits acid at you. The splash of acid hits you!
You die...
Your body crumbles into a pile of gold.

#...# .####
#....# ..#.#
..... .... ## .
....##..#<.#..
##......#...#
.)#...........#
..............#.
.......@........
...#....>.......
#..#.........
.......D.......
#...........>..
#..............
....>...........
#...............
.........#####.


You could see an acid dragon (catching breath).

Vanquished Creatures
  Erolcha (D:9)
  Harold (D:9)
  A two-headed ogre (D:8)
  Pikel (D:6)
  Joseph (D:7)
  Maggie (D:6)
  A hornet (D:9)
  2 shadows
  A wyvern (D:8)
  A basilisk (D:8)
  Eustachio (D:5)
  3 orc warriors
  2 sky beasts (D:7)
  A black bear (D:7)
  2 ice beasts
  A phantom (D:6)
  5 bullfrogs
  2 kobold brigands (D:9)
  A gnoll sergeant (D:9)
  2 scorpions (D:5)
  2 wights (D:8)
  9 killer bees
  6 howler monkeys
  3 hounds (D:5)
  4 orc priests
  A jelly (D:8)
  Crazy Yiuf (D:5)
  3 sleepcaps
  Terence (D:3)
  4 iguanas
  2 orc wizards (D:9)
  5 gnolls (D:9)
  6 adders
  A white imp (D:7)
  4 dart slugs
  25 orcs
  3 bats
  5 endoplasms
  6 goblins
  6 hobgoblins
  4 jackals (D:1)
  17 kobolds
  2 quokkas (D:2)
  9 ball pythons
  3 frilled lizards
  8 rats
171 creatures vanquished.

Vanquished Creatures (others)
  A plant (D:2)
1 creature vanquished.

Grand Total: 172 creatures vanquished

Notes
Turn   | Place    | Note
-------+----------+-------------------------------------------
     0 | D:1      | GigaChad the Formicid Fighter began the quest for the Orb.
     0 | D:1      | Reached XP level 1. HP: 18/18 MP: 1/1
    61 | D:1      | Reached XP level 2. HP: 22/24 MP: 2/2
    91 | D:1      | Found a faded altar of an unknown god.
   253 | D:1      | Got Sif Muna's Verses on Wounds and Transmutation
   310 | D:1      | Reached XP level 3. HP: 30/30 MP: 3/3
   501 | D:2      | Found Zocudel's Magic Scroll Shoppe.
   534 | D:2      | Found Oqaumae's Assorted Antiques.
   868 | D:2      | Reached XP level 4. HP: 37/37 MP: 4/4
  1325 | D:3      | Noticed Terence
  1336 | D:3      | Killed Terence
  1337 | D:3      | Reached skill level 3 in Axes
  1580 | D:3      | Identified the ring of the Endless Expanse {rPois rN+ Dex+2
                  | Slay+4}
  1661 | D:3      | Reached XP level 5. HP: 30/39 MP: 5/5
  2311 | D:4      | HP: 2/42 [orc priest/+0 club (1)]
  2314 | D:4      | You fall into a shaft and drop 1 floor!
  2314 | D:5      | Entered Level 5 of the Dungeon
  2683 | D:5      | Reached skill level 4 in Axes
  2683 | D:5      | Reached XP level 6. HP: 48/48 MP: 6/6
  2729 | D:5      | Reached skill level 1 in Dodging
  2855 | D:5      | Reached XP level 7. HP: 51/54 MP: 7/7
  3027 | D:5      | Noticed Eustachio
  3041 | D:5      | Reached skill level 5 in Shields
  3055 | D:5      | Killed Eustachio
  3056 | D:5      | Reached skill level 5 in Axes
  3056 | D:5      | Reached skill level 5 in Armour
  3297 | D:5      | Found a staircase to the Ecumenical Temple.
  3520 | D:5      | Found a runed translucent door.
  3521 | D:5      | Noticed Crazy Yiuf
  3525 | D:5      | Killed Crazy Yiuf
  3632 | Temple   | Entered the Ecumenical Temple
  3652 | Temple   | Became a worshipper of Gozag Ym Sagoz the Greedy
  3750 | D:6      | Reached XP level 8. HP: 29/61 MP: 8/8
  3752 | D:6      | Reached skill level 5 in Fighting
  3911 | D:6      | Noticed Pikel
  3920 | D:6      | Killed Pikel
  3921 | D:6      | Reached skill level 6 in Axes
  4006 | D:6      | Reached skill level 7 in Axes
  4165 | D:6      | Reached XP level 9. HP: 62/68 MP: 9/9
  4201 | D:6      | Noticed Maggie
  4212 | D:6      | HP: 3/68 [Maggie/+3 war axe (9)]
  4213 | D:6      | Killed Maggie
  4986 | D:6      | Reached skill level 8 in Axes
  5255 | D:7      | Noticed Joseph
  5273 | D:7      | Killed Joseph
  5274 | D:7      | Reached skill level 9 in Axes
  5349 | D:7      | Reached XP level 10. HP: 19/77 MP: 10/10
  5598 | D:7      | Identified a scroll of acquirement
  5598 | D:7      | Acquired the +2 cloak of the Thinker {rC+ rN+ Dex+3}
  5698 | D:7      | Found a stormy altar of Qazlal.
  5868 | D:8      | Noticed a cyclops
  5869 | D:8      | Noticed a two-headed ogre
  5876 | D:8      | Noticed a cyclops
  5882 | D:8      | Noticed a cyclops
  5883 | D:8      | HP: 4/80 [two-headed ogre/+0 giant club (6)]
  5886 | D:8      | You fall into a shaft and drop 1 floor!
  6323 | D:9      | Noticed Harold
  6339 | D:9      | Killed Harold
  6340 | D:9      | Reached skill level 10 in Axes
  6742 | D:9      | Noticed Erolcha
  6747 | D:9      | Killed Erolcha
  6885 | D:9      | Found a staircase to the Lair.
  6909 | D:9      | Reached XP level 11. HP: 49/87 MP: 11/11
  7054 | D:9      | Identified the +5 ring mail of a volcano {Str+3}
  7442 | D:8      | Killed a two-headed ogre
  7443 | D:8      | Reached skill level 11 in Axes
  7445 | D:8      | You fall into a shaft and drop 3 floors!
  7448 | D:10     | Entered Level 10 of the Dungeon
  7454 | D:10     | Killed from afar by an acid dragon

Illustrated notes

Levels and vault maps discovered:
D:1:      dpeg_arrival_rooms_c, layout_rooms, basic_ecumenical_altar,
          moated_statue
D:2:      layout_basic, serial_shops, nicolae_shop_overgrown_old_shop,
          nicolae_shop_crystal, minmay_between
D:3:      layout_basic, dreamdust_mushroom_princess, uniq_terence
D:4:      layout_basic, gammafunk_temple_overflow_pools,
          amcnicky_mini_rare_corridor_liquid, grunt_decor_fettered, uniq_duvessa
D:5:      layout_basic, minmay_temple_entry_poolview, minivault_27,
          uniq_crazy_yiuf_cottage, uniq_eustachio
D:6:      layout_loops_ring, uniq_maggie, uniq_pikel
D:7:      layout_rooms, kennysheep_mini_moat, uniq_joseph
D:8:      minmay_the_grid_octo_tiled_octocenter [minmay_the_grid_octo_77,
          minmay_the_grid_octo_shrine, minmay_the_grid_octo_toaster,
          minmay_the_grid_octo_clover, minmay_the_grid_octo_prize_star,
          minmay_the_grid_square_5x5_corner, minmay_the_grid_square_5x5_shrine1,
          minmay_the_grid_square_5x5_tetrominoes,
          minmay_the_grid_square_5x5_meh], layout_rooms,
          okawaru_ov_weapons_minmay, nicolae_ossuary_entry_giza,
          grunt_ministairs_11, uniq_psyche
D:9:      layout_irregular_city, lair_entry_dummy, hangedman_glass_teeth,
          uniq_erolcha, uniq_harold
D:10:     layout_cave_pools, solitary_fountain, kennysheep_kite_vault
D:11:     layout_cave_pools, serial_shops, shop
Temple:   nicolae_temple_two_arcs

Skill      XL: |  1  2  3  4  5  6  7  8  9 10 11 |
---------------+----------------------------------+-----
Armour         | 4 5 6 7 8 |  8.2
Axes           | 3 4 5 7 9 10 11 | 11.2
Fighting       | 4 5 6 8 9 |  9.1
Dodging        | 1 2 3 |  3.0
Shields        | 5 6 7 8 |  8.1
Stealth        | |  0.9

Action                     |  1- 3 |  4- 6 |  7- 9 | 10-12 || total
---------------------------+-------+-------+-------+-------++-------
  Melee: War axe           |    88 |   102 |   139 |    73 ||   402
         Battleaxe         |       |       |       |    37 ||    37
Ability: Shaft Self        |       |     1 |       |     2 ||     3
    Use: Scroll            |     6 |       |     3 |     7 ||    16
         Potion            |       |     1 |       |       ||     1
 Armour: Scale mail        |    30 |       |       |       ||    30
         Chain mail        |     3 |    36 |    52 |    29 ||   120
         Plate armour      |       |       |       |     8 ||     8
  Dodge: Dodged            |    53 |    58 |    72 |    81 ||   264
  Block: Buckler           |    18 |    25 |    40 |    33 ||   116

Table legend: (Time is in decaauts)
 A = Elapsed time spent in this place.
 B = Non-inter-level travel time spent in this place.
 C = Inter-level travel time spent in this place.
 D = Time resting spent in this place.
 E = Time spent auto-exploring this place.
 F = Levels seen in this place.
 G = Mean time per level.
                   A        B        C        D        E       F      G
               +--------+--------+--------+--------+--------+-----+--------+
         Total |   7556 |   7186 |    370 |   1180 |   4391 |  12 |  629.7 |
       Dungeon |   7517 |   7147 |    370 |   1180 |   4391 |  11 |  683.4 |
        Temple |     38 |     38 |      0 |      0 |      0 |   1 |   38.0 |
               +--------+--------+--------+--------+--------+-----+--------+

Top non-repeatable levels by time:
     D:9: 1549 daAuts
     D:5: 1393 daAuts
     D:6: 1384 daAuts
     D:3: 1079 daAuts
     D:2: 785 daAuts
     D:7: 753 daAuts
     D:1: 489 daAuts
     D:8: 54 daAuts
  Temple: 38 daAuts
     D:4: 18 daAuts
    D:10: 6 daAuts
    D:11: 2 daAuts
